Map: Dusk Towers

Players

Pokebunny - Winner!

  • Race: Terran Terran
  • League: Grandmaster

DatBoiTesla (Rob)

  • Race: Protoss Protoss
  • League: Grandmaster

VOD

Have the link to the VOD?

Description

Time

  • Played on: June 28, 2016, 12:27 a.m.
  • Length: 15:03
Show
View Real Time Build Order
Export as new Build Order

Pokebunny Terran - Winner!

Build Orders: Liberator Opening, Reaper Expand, MMM Bio 

Get SALT Encoding   

  12  0:01  SCV  
  13  0:13  SCV  
  14  0:17  Supply Depot  
  14  0:25  SCV  
  15  0:39  SCV  
  15  0:40  Barracks  
  16  0:43  Refinery  
  16  0:51  SCV  
  17  1:03  SCV  
  18  1:15  SCV  
  19  1:27  Orbital Command  
  19  1:28  Reaper  
  20  1:40  Command Center  
  20  1:50  Supply Depot  
  20  1:53  SCV  
  21  1:57  Refinery  
  21  2:01  Barracks Reactor  
  21  2:05  SCV  
  22  2:12  Barracks  
  22  2:17  SCV  
  23  2:26  Factory  
  23  2:29  SCV  
  24  2:38  Marine x2  
  24  2:43  SCV  
  27  2:55  SCV  
  27  2:56  Marine x2  
  30  2:58  Barracks Tech Lab  
  30  3:03  Orbital Command  
  30  3:07  SCV  
  30  3:13  Starport  
  30  3:14  Widow Mine  
  32  3:20  Stimpack  
  32  3:24  SCV  
  33  3:27  Marine x2  
  33  3:30  Marine  
  33  3:33  SCV  
  37  3:35  Liberator  
  37  3:37  SCV  
  38  3:41  Supply Depot  
  38  3:45  Widow Mine  
  40  3:51  SCV  
  40  3:52  SCV  
  45  3:55  Supply Depot  
  45  3:59  Marine  
  45  4:02  Marine x2  
  46  4:04  SCV  
  46  4:05  SCV  
  50  4:15  Factory Reactor  
  50  4:19  Marine  
  50  4:20  Marine x2  
  53  4:25  SCV x2  
  53  4:27  Command Center  
  53  4:30  Supply Depot  
  55  4:39  Refinery x2, SCV  
  55  4:40  SCV  
  55  4:41  Marine x2  
  55  4:42  Marine  
  60  4:50  Supply Depot  
  60  4:53  Engineering Bay  
  60  4:55  SCV x2  
  61  5:08  SCV  
  61  5:09  SCV  
  62  5:22  SCV x2  
  61  5:29  Medivac x2  
  61  5:30  Combat Shields  
  61  5:31  Factory Reactor  
  61  5:33  Terran Infantry Weapons Level 1  
  61  5:34  Marine  
  61  5:35  Marine, Marauder, Barracks  
  69  5:41  Orbital Command  
  69  5:43  SCV x2  
  71  5:54  Marine  
  71  5:55  Marine  
  71  5:56  Marauder  
  74  5:58  SCV x2  
  74  6:02  Medivac x2  
  80  6:04  Supply Depot  
  80  6:07  SCV  
  81  6:12  Marine x2  
  81  6:17  SCV x2  
  81  6:18  Liberator x2, Marauder  
  87  6:19  Orbital Command, Factory Reactor  
  87  6:23  Barracks  
  87  6:25  Barracks  
  86  6:36  Marine x4  
  86  6:39  Marauder  
  98  6:42  SCV x2  
  98  6:44  Supply Depot  
  98  6:47  Supply Depot  
  100  6:48  SCV  
  101  6:54  SCV x2  
  101  6:56  Marine x4  
  101  7:01  Marauder  
  109  7:06  SCV x3, Supply Depot  
  112  7:08  Refinery  
  112  7:09  Refinery  
  112  7:16  Barracks Tech Lab x2, Marine  
  112  7:17  Marine x3  
  112  7:18  Liberator x2  
  112  7:20  Widow Mine x2  
  112  7:22  Marauder  
  122  7:27  Terran Infantry Armor Level 1  
  122  7:33  SCV  
  122  7:34  SCV x2  
  122  7:36  Marine x2  
  133  7:47  Marine  
  133  7:48  Marine, Marauder  
  130  8:05  SCV  
  130  8:06  SCV x2  
  133  8:16  Marine x4, Supply Depot, Marauder x2  
  133  8:18  Supply Depot  
  133  8:19  Supply Depot  
  133  8:25  Liberator x2  
  132  8:41  Marine x4, Marauder  
  126  8:42  Marauder x2  
  126  8:43  Widow Mine x2  
  143  8:50  Armory  
  143  8:51  SCV x3  
  143  8:52  Engineering Bay  
  146  9:01  Marine x3  
  146  9:02  Marine  
  152  9:03  SCV x3, Marauder x2  
  152  9:08  Supply Depot  
  152  9:09  Supply Depot  
  157  9:10  Supply Depot, Marauder  
  157  9:14  Liberator  
  157  9:15  Liberator  
  112  9:26  Marine  
  112  9:27  Marine x3  
  112  9:28  Marauder x2  
  116  9:32  Marauder  
  116  9:33  Widow Mine  
  116  9:34  Widow Mine  
  116  9:36  Starport  
  116  9:37  Fusion Core  
  128  9:42  SCV x3, Terran Infantry Weapons Level 2  
  128  9:44  Terran Infantry Armor Level 2  
  129  9:48  Marine x4  
  129  9:50  Marauder x2  
  137  9:53  Marauder  
  139  10:02  Liberator x2  
  139  10:03  Concussive Shells  
  139  10:05  Marine  
  139  10:06  Marine x2  
  145  10:10  Command Center  
  145  10:11  Marauder x2  
  145  10:12  Missile Turret  
  144  10:15  Starport Tech Lab, Marauder, Missile Turret  
  152  10:23  Terran Ship Weapons Level 1  
  152  10:28  Liberator  
  152  10:38  Marine x4  
  152  10:39  Marauder x2  
  152  10:40  Marauder  
  162  10:44  Advanced Ballistics, Barracks  
  162  10:45  Barracks  
  162  10:49  Barracks  
  153  11:06  Missile Turret  
  151  11:24  Orbital Command  
  151  11:27  Missile Turret  
  151  11:30  Marine x4  
  151  11:31  Marauder x3  
  161  11:33  Barracks Tech Lab, Barracks Reactor  
  118  11:55  Marine  
  118  11:56  Marine x4, Marauder x4  
  105  12:02  Liberator x3  
  101  12:13  Marine x3  
  102  12:17  Orbital Command, Terran Infantry Weapons Level 3, Terran Infantry Armor Level 3, Marauder  
  102  12:18  Marauder  
  102  12:22  Widow Mine x2  
  117  12:25  Starport  
  119  12:32  SCV x2  
  119  12:33  SCV  
  119  12:36  Missile Turret  
  122  12:46  Marine x2, Barracks Reactor  
  122  12:47  Marine x2, Marauder  
  122  12:48  Marine x2, Marauder x2  
  122  12:50  Missile Turret  
  129  13:04  Marine x3, Marauder  
  124  13:10  Liberator  
  124  13:11  Liberator x3  
  124  13:12  Marine x3, Marauder x3  
  121  13:26  Marine x3  
  122  13:27  Marauder  
  122  13:33  Refinery, Marauder  
  138  13:35  Refinery  
  134  13:43  Marine x4, Marauder  
  134  13:44  Marauder  
  133  13:53  Liberator  
  133  13:54  Marine x4  
  133  13:55  Marauder x2  
  135  13:57  Liberator  
  130  14:15  Medivac x2  
  129  14:31  Widow Mine x2  
  129  14:32  Command Center, Marine x4  
  129  14:33  Marauder x2  
Show
View Real Time Build Order
Export as new Build Order

DatBoiTesla Protoss 

Build Orders: 1 Gate Expand 

Get SALT Encoding   

  12  0:00  Probe (Chrono Boost)  
  13  0:11  Probe (Chrono Boost)  
  14  0:17  Pylon  
  14  0:22  Probe (Chrono Boost)  
  16  0:36  Probe (Chrono Boost), Gateway  
  16  0:46  Probe (Chrono Boost)  
  17  0:57  Probe (Chrono Boost)  
  18  1:07  Probe (Chrono Boost)  
  19  1:15  Nexus  
  19  1:18  Probe (Chrono Boost)  
  20  1:28  Cybernetics Core  
  20  1:31  Probe (Chrono Boost)  
  21  1:38  Assimilator  
  21  1:42  Probe (Chrono Boost)  
  21  1:45  Pylon  
  22  1:52  Probe (Chrono Boost)  
  22  1:54  Assimilator  
  23  2:03  Probe (Chrono Boost)  
  23  2:13  Probe (Chrono Boost)  
  23  2:15  Adept (Chrono Boost)  
  26  2:25  Probe (Chrono Boost), Warp Gate  
  28  2:30  Probe (Chrono Boost)  
  29  2:37  Probe (Chrono Boost)  
  29  2:49  Probe (Chrono Boost)  
  29  2:50  Probe (Chrono Boost)  
  31  2:52  Adept (Chrono Boost)  
  31  2:53  Robotics Facility  
  33  2:59  Probe (Chrono Boost)  
  33  3:00  Probe (Chrono Boost)  
  34  3:15  Probe x2 (Chrono Boost)  
  34  3:19  Adept (Chrono Boost)  
  38  3:27  Gateway  
  38  3:28  Gateway  
  38  3:29  Probe x2 (Chrono Boost)  
  38  3:31  Pylon  
  40  3:41  Probe x2 (Chrono Boost), Warp Prism (Chrono Boost)  
  44  3:49  Pylon  
  44  3:52  Probe x2 (Chrono Boost)  
  44  4:06  Mothership Core (Chrono Boost)  
  44  4:07  Probe (Chrono Boost), Stalker  
  47  4:10  Assimilator  
  47  4:14  Assimilator  
  47  4:16  Forge  
  49  4:17  Pylon  
  49  4:19  Probe  
  49  4:22  Pylon  
  50  4:26  Probe  
  50  4:29  Immortal (Chrono Boost)  
  55  4:33  Probe  
  55  4:38  Probe  
  58  4:45  Probe  
  58  4:47  Stalker  
  58  4:50  Probe, Adept  
  58  4:51  Stalker  
  65  5:03  Immortal (Chrono Boost)  
  69  5:16  Stalker  
  69  5:17  Stalker x2  
  75  5:33  Protoss Ground Weapons Level 1 (Chrono Boost)  
  75  5:38  Twilight Council  
  75  5:42  Nexus  
  75  5:43  Pylon  
  75  5:56  Robotics Bay  
  75  5:57  Probe x2  
  75  5:59  Immortal  
  81  6:06  Adept x2  
  81  6:09  Probe  
  81  6:11  Pylon  
  86  6:12  Resonating Glaives (Chrono Boost)  
  86  6:16  Pylon  
  86  6:21  Forge  
  86  6:25  Pylon  
  86  6:29  Probe  
  85  6:36  Adept x3  
  89  6:42  Gateway  
  89  6:44  Disruptor (Chrono Boost)  
  92  6:48  Gateway  
  92  6:52  Gateway  
  92  6:53  Probe x2 (Chrono Boost)  
  91  6:58  Probe (Chrono Boost)  
  93  7:03  Probe (Chrono Boost)  
  93  7:04  Probe (Chrono Boost)  
  95  7:09  Robotics Facility  
  95  7:13  Probe  
  95  7:14  Probe  
  97  7:15  Disruptor (Chrono Boost)  
  97  7:16  Probe  
  97  7:22  Protoss Ground Armor Level 1 (Chrono Boost)  
  101  7:26  Pylon  
  101  7:33  Stalker x3  
  107  7:40  Assimilator  
  107  7:41  Pylon  
  107  7:42  Pylon  
  107  7:44  Assimilator  
  107  7:51  Stalker x3  
  105  8:04  Stalker x3  
  105  8:22  Probe  
  106  8:28  Adept x2  
  106  8:29  Adept x4  
  104  8:34  Probe  
  105  8:46  Probe x2  
  105  8:48  Probe  
  108  8:51  Adept x3  
  108  8:52  Adept x3  
  120  8:57  Dark Shrine  
  120  8:58  Probe, Blink  
  120  9:00  Probe  
  121  9:03  Observer, Disruptor  
  122  9:22  Probe x2  
  122  9:23  Probe  
  108  9:26  Stalker x4  
  108  9:30  Disruptor  
  115  9:34  Probe  
  115  9:35  Probe  
  117  9:43  Disruptor  
  120  9:48  Adept x2  
  120  9:50  Adept x2  
  124  10:05  Stalker x2  
  124  10:09  Dark Templar x2  
  128  10:15  Probe x2  
  128  10:21  Observer, Disruptor  
  131  10:23  Nexus  
  134  10:30  Pylon  
  134  10:34  Protoss Ground Armor Level 2 (Chrono Boost)  
  134  10:36  Protoss Ground Weapons Level 2 (Chrono Boost)  
  134  10:39  Pylon  
  134  10:48  Stalker  
  134  10:49  Probe, Stalker x3  
  142  10:50  Probe  
  144  11:03  Probe  
  139  11:06  Dark Templar x2  
  141  11:15  Adept x4  
  145  11:26  Probe  
  145  11:27  Probe  
  145  11:28  Probe  
  145  11:29  Assimilator  
  145  11:34  Assimilator, Gateway  
  145  11:37  Pylon, Gateway  
  145  11:38  Gateway  
  84  12:06  Stalker x6  
  84  12:08  Disruptor x2 (Chrono Boost)  
  88  12:11  Probe  
  88  12:12  Probe  
  88  12:13  Probe x2  
  87  12:29  Stalker x5  
  97  12:30  Stalker  
  97  12:32  Stalker x2  
  103  12:39  Disruptor  
  103  12:42  Immortal, Stalker  
  112  12:54  Adept x4  
  112  13:08  Adept x4  
  112  13:09  Adept  
  101  13:24  Stalker x4, Disruptor x2  
  102  13:33  Stalker x3  
  114  13:40  Stalker x2  
  110  13:49  Adept x3  
  109  14:01  Stalker x2  
  109  14:02  Stalker x2  
  87  14:17  Stalker x3  
  87  14:18  Stalker x2  
  87  14:21  Disruptor  
  97  14:24  Adept x2  
  97  14:25  Adept  
  101  14:41  Adept x3  
  101  14:42  Adept x3  
Tags
 
Add a new tag
Caveats
  • Supply blocks, unpowered buildings, or Contaminate may cause inaccurate times.
  • Supply counts are checked every 10 seconds.